 Dungeon Crawl Stone Soup version 0.23.2-1-ga50397a (webtiles) character file.

Game seed: 10920119772514098065

88 Fang the Skirmisher (level 4, 0/29 HPs)
             Began as a Gargoyle Berserker on Apr 16, 2019.
             Was a Believer of Trog.
             Slain by Grinder (2 damage)
             ... on level 3 of the Dungeon.
             The game lasted 00:02:34 (1986 turns).

Fang the Skirmisher (Gargoyle Berserker)            Turns: 1986, Time: 00:02:35

Health: 0/29       AC:  5    Str: 21    XL:     4   Next: 54%
Magic:  4/4        EV: 12    Int:  8    God:    Trog [**....]
Gold:   120        SH:  0    Dex:  9    Spells: 3/3 levels left

rFire    . . .     SeeInvis .   a - +0 hand axe
rCold    . . .     Gourm    .   (no shield)
rNeg     + . .     Faith    .   b - +0 animal skin
rPois    ∞         Spirit   .   (no helmet)
rElec    +         Reflect  .   (no cloak)
rCorr    .         Harm     .   (no gloves)
MR       ++...                  (no boots)
Stlth    ++........             (no amulet)
HPRegen  1.09/turn              j - ring of stealth
MPRegen  0.09/turn              (no ring)

@: berserk cooldown, regenerating, slowed, very slow
A: negative energy resistance 1, electricity resistance, unbreathing,
petrification resistance, rot immunity, AC +3
a: Berserk, Trog's Hand, Renounce Religion


You were on level 3 of the Dungeon.
You worshipped Trog.
Trog was pleased with you.
You were hungry.

You visited 1 branch of the dungeon, and saw 3 of its levels.

You collected 120 gold pieces.

Inventory:

Hand Weapons
 a - a +0 hand axe (weapon)
Armour
 b - a +0 animal skin (worn)
Jewellery
 j - a ring of stealth (left hand)
Scrolls
 e - a scroll of blinking {unknown}
 f - 3 scrolls of identify {unknown}
 g - a scroll of magic mapping {unknown}
 i - a scroll of enchant armour {unknown}
 l - 2 scrolls of amnesia {unknown}
Potions
 d - 2 potions of mutation {unknown}
 h - a potion of heal wounds {unknown}
 k - a potion of resistance {unknown}
Comestibles
 c - 6 rations
 m - a chunk of flesh


   Skills:
 + Level 4.0 Fighting
 + Level 3.3 Axes
 + Level 3.2 Armour
 + Level 2.2 Dodging


You had 3 spell levels left.
You didn't know any spells.
Your spell library was empty.

Dungeon Overview and Level Annotations

Branches:
Dungeon (3/15)

Altars:
Fedhas
Makhleb

Annotations:
D:3 Grinder


Innate Abilities, Weirdness & Mutations

You are resistant to torment.
Your stone body is resilient. (AC +3)
You are immune to poison.
You resist negative energy. (rN+)
You are resistant to electric shocks. (rElec)
You can survive without breathing.
You are immune to petrification.
You are immune to rotting.


Message History

* * * LOW HITPOINT WARNING * * *
You closely miss Grinder.
Grinder is heavily wounded.
Grinder hits you.
* * * LOW HITPOINT WARNING * * *
You writhe in agony.
* * * LOW HITPOINT WARNING * * *
You hit Grinder.
Grinder is severely wounded.
Grinder misses you.
You closely miss Grinder.
Grinder is severely wounded.
You closely miss Grinder.
Grinder is severely wounded.
You are no longer berserk.
You are exhausted.
You feel yourself slow down. Grinder hits you.
* * * LOW HITPOINT WARNING * * *
You writhe in agony.
You die...

############ ####
#..........# .... ####
#.########.# .....+..#
#.# #.#
.....##.######.########.#
.........................
......!.....##.###.####.#
........5...##.# #.#..#.#
.......†@...##.###.÷..#.#
.......)†.....).##.##.#..
.........................
.................#....#..
#####............#.####..
#####.##.....#. #..
........#.#. #.#
.........#.#.####.#
.........#.#.......


You could see Grinder.

Vanquished Creatures
  2 adders (D:2)
  5 worms
  A dart slug (D:2)
  A leopard gecko (D:2)
  A ball python (D:2)
  5 giant cockroaches
  8 goblins
  A hobgoblin (D:2)
  2 jackals (D:3)
  A quokka (D:2)
  2 bats (D:2)
  5 frilled lizards
  11 kobolds
  10 rats
55 creatures vanquished.

Notes
Turn   | Place    | Note
-------+----------+-------------------------------------------
     0 | D:1      | Fang the Gargoyle Berserker began the quest for the Orb.
     0 | D:1      | Reached XP level 1. HP: 14/14 MP: 1/1
   208 | D:1      | Reached XP level 2. HP: 19/19 MP: 2/2
   471 | D:2      | Reached XP level 3. HP: 18/24 MP: 3/3
   473 | D:2      | Reached ** piety under Trog
   839 | D:2      | Found a burning altar of Makhleb.
   860 | D:2      | Reached XP level 4. HP: 15/29 MP: 4/4
  1545 | D:2      | Found a blossoming altar of Fedhas.
  1961 | D:3      | Noticed Grinder
  1967 | D:3      | Reached skill level 4 in Fighting
  1968 | D:3      | Paralysed by Grinder for 7 turns
  1986 | D:3      | Slain by Grinder

Skill      XL: |  1  2  3  4 |
---------------+-------------+-----
Axes           | 3 |  3.3
Dodging        | 2 |  2.2
Armour         | 3 |  3.2
Fighting       | 4 |  4.0

Action                   |  1- 3 |  4- 6 || total
-------------------------+-------+-------++-------
Melee: Hand axe          |    89 |    75 ||   164
Invok: Berserk           |       |     2 ||     2
       Trog's Hand       |       |     1 ||     1
 Stab: Sleeping          |       |     3 ||     3
  Eat: Chunk             |       |     5 ||     5
Armor: Animal skin       |    24 |    38 ||    62
Dodge: Dodged            |    54 |    55 ||   109
